 Dungeon Crawl Stone Soup version 0.29.0-11-gd7f09526c8 (webtiles) character file.

Game seed: 3092860491324212511

202 gelatine the Magician (level 5, -2/36 HPs)
             Began as a Demonspawn Hedge Wizard on Sept 3, 2022.
             Succumbed to a water moccasin's poison
             ... in a sewer.
             The game lasted 00:07:48 (3061 turns).

gelatine the Magician (Demonspawn Hedge Wizard)     Turns: 3061, Time: 00:07:48

Health: -2/36      AC:  7    Str: 10    XL:     5   Next: 50%
Magic:  5/11       EV: 12    Int: 19    God:
Gold:   104        SH:  0    Dex: 13    Spells: 11/12 levels left

rFire   + + .      SeeInvis .   r - staff of air
rCold   + . .      Faith    .   (no shield)
rNeg    . . .      Spirit   .   n - +2 leather armour of Qazlal's Wrath {Int+2}
rPois   +          Reflect  .   (helmet restricted)
rElec   +          Harm     .   (no cloak)
rCorr   +          Rampage  .   i - +0 pair of gloves
Will    .....                   m - +0 pair of boots
Stlth   ++........              b - amulet of regeneration
HPRegen 0.92/turn               t - ring of protection from fire
MPRegen 0.12/turn               (no ring)

@: lethally poisoned (-2 -> -15), resistant, hasted, very quick
A: antennae 1, spiny 1, weakness stinger 1
a: no special abilities


You were in a sewer.
You visited 1 branch of the dungeon, and saw 3 of its levels.
You also visited: Sewer.

You collected 104 gold pieces.

Inventory:

Hand Weapons
 a - a +0 dagger
Missiles
 q - 4 boomerangs
 u - 3 curare-tipped darts
 v - 5 poisoned darts
Armour
 e - a +2 helmet
 i - a +0 pair of gloves (worn)
 m - a +0 pair of boots (worn)
 n - the +2 leather armour of Qazlal's Wrath (worn) {Int+2}
   (You found it on level 2 of the Dungeon)

   Int:       It affects your intelligence (+2).
Magical Staves
 r - a staff of air (weapon)
 x - a staff of fire
Jewellery
 b - an amulet of regeneration (around neck)
 g - an amulet of guardian spirit
 t - a ring of protection from fire (left hand)
 y - a ring of ice
Wands
 w - a wand of mindburst (15)
Scrolls
 l - a scroll of noise
 o - a scroll of enchant armour {unknown}
 p - a scroll of acquirement
 s - a scroll of vulnerability {unknown}
 z - a scroll of fear
Potions
 c - a potion of brilliance
 d - a potion of magic
 h - a potion of berserk rage {unknown}
 j - a potion of resistance
 k - 2 potions of curing {unknown}


   Skills:
 + Level 0.3 Fighting
 + Level 0.1 Short Blades
 + Level 0.6 Armour
 + Level 2.3 Dodging
 + Level 2.1 Stealth
 + Level 4.2 Spellcasting
 + Level 2.5 Conjurations
 + Level 1.0 Summonings
 + Level 0.8 Translocations
 * Level 1.1 Air Magic
 * Level 1.2 Evocations


You had 11 spell levels left.
You knew the following spells:

 Your Spells              Type           Power      Damage    Failure   Level
a - Magic Dart            Conj           52%        1d5       6%          1

Your spell library contained the following spells:

 Spells                   Type           Power      Damage    Failure   Level
 Freeze                   Ice            16%        1d4       19%         1
 Slow                     Hex            16%        N/A       19%         1
 Blink                    Tloc           14%        N/A       19%         2
 Call Imp                 Summ           7%         N/A       19%         2
 Scorch                   Fire           8%         2d5       28%         2
 Conjure Flame            Conj/Fire      8%         6-21      32%         3
 Mephitic Cloud           Conj/Pois/Air  13%        N/A       32%         3
 Frozen Ramparts          Ice            8%         1d2       50%         3
 Flame Wave               Conj/Fire      8%         2d5       71%         4
 Hailstorm                Conj/Ice       8%         3d4       71%         4
 Airstrike                Air            6%         2d(1-17)  75%         4
 Summon Lightning Spire   Summ/Air       12%        N/A       75%         4
 Lightning Bolt           Conj/Air       8%         1d20      94%         5
 Summon Cactus Giant      Summ           3%         N/A       100%        6


Dungeon Overview and Level Annotations

Branches:
Dungeon (3/15)              Sewer (1/1)

Altars:


Innate Abilities, Weirdness & Mutations

You have a pair of small antennae on your head.
You are partially covered in sharp spines.
You have a small tail.


Message History

The water moccasin poisons you!
You closely miss the water moccasin.
The water moccasin is severely wounded.
You feel very sick. The water moccasin bites you.
You hit the water moccasin.
The water moccasin is severely wounded.
You feel sick. The water moccasin bites you.
You are more poisoned.
The water moccasin poisons you! The water moccasin closely misses you.
You barely miss the water moccasin.
The water moccasin is severely wounded.
You feel very sick. The water moccasin closely misses you.
You hit the water moccasin but do no damage.
You tail-slap the water moccasin, but do no damage.
The water moccasin is severely wounded.
* * * LOW HITPOINT WARNING * * *
You feel very sick.
The water moccasin is struck by your spines.
The water moccasin bites you.
* * * LOW HITPOINT WARNING * * *
You are more poisoned.
The water moccasin poisons you!
The water moccasin bites you but does no damage.
It was a potion of haste.
You feel yourself speed up.
* * * LOW HITPOINT WARNING * * *
You feel very sick.
The water moccasin is struck by your spines.
You kill the water moccasin!
Your Spellcasting skill increases to level 4!
Your Air Magic skill increases to level 1!
Your Evocations skill increases to level 1!
You have reached level 5!
Your demonic ancestry asserts itself...
A pair of antennae grows on your head!
Your +2 helmet falls away!
It was a potion of resistance.
You feel protected.
You die...

#### ....## ## [
## ..~..### #.
$~##. #.....### #.
##~~~. #.~...###.
..~.~~# ##~..~..~.
#~..~.###
###.....###.
#..†@.####.~...###
#.
###..~....~..###
#. ###.~....### ##
######## # # #


There were no monsters in sight!

Vanquished Creatures
  A water moccasin (Sewer)
  3 adders (D:2)
  2 worms (D:2)
  5 ball pythons
  4 endoplasms
  4 giant cockroaches
  5 goblins
  3 hobgoblins
  6 jackals
  2 quokkas (D:3)
  7 bats
  4 frilled lizards
  A kobold (D:1)
  7 rats
54 creatures vanquished.

Vanquished Creatures (others)
  2 plants (D:1)
2 creatures vanquished.

Grand Total: 56 creatures vanquished

Notes
Turn   | Place    | Note
-------+----------+-------------------------------------------
     0 | D:1      | gelatine the Demonspawn Hedge Wizard began the quest for
                  | the Orb.
     0 | D:1      | Reached XP level 1. HP: 13/13 MP: 4/4
   288 | D:1      | Found a faded altar of an unknown god.
   579 | D:1      | Gained mutation: You are partially covered in sharp spines.
                  | [demonic ancestry]
   579 | D:1      | Reached XP level 2. HP: 19/19 MP: 0/6
  1309 | D:2      | Identified the +2 leather armour of Qazlal's Wrath {Int+2}
  1395 | D:2      | Discovered your monstrous ancestry.
  1395 | D:2      | Gained mutation: You have a small tail. [demonic ancestry]
  1395 | D:2      | Reached XP level 3. HP: 24/24 MP: 6/8
  2427 | D:2      | Reached XP level 4. HP: 30/30 MP: 3/9
  2741 | D:3      | Identified a scroll of acquirement
  2937 | D:3      | Found a glowing drain.
  2963 | Sewer    | Entered a sewer
  3045 | Sewer    | Noticed a water moccasin
  3060 | Sewer    | HP: 1/30 [poisoned by a water moccasin]
  3060 | Sewer    | Killed a water moccasin
  3061 | Sewer    | Reached skill level 4 in Spellcasting
  3061 | Sewer    | Reached skill level 1 in Air Magic
  3061 | Sewer    | Reached skill level 1 in Evocations
  3061 | Sewer    | Gained mutation: You have a pair of small antennae on your
                  | head. [demonic ancestry]
  3061 | Sewer    | Reached XP level 5. HP: 1/36 MP: 5/11
  3061 | Sewer    | Succumbed to a water moccasin's poison

Illustrated notes

Levels and vault maps discovered:
D:1:      lightli_arrival_windingriver, layout_basic,
          shapermc_ecumenical_altar_ellora, serial_bayou_lagoon_a
D:2:      layout_basic
D:3:      minmay_diamond_boxcup, layout_basic, gup_sewer_entry_glass,
          minmay_misc_feat_cross
Sewer:    sewer_the_moccasin

Skill      XL: |  1  2  3  4 |
---------------+-------------+-----
Dodging        | 2 |  2.3
Stealth        | 2 |  2.1
Conjurations   | 2 |  2.5
Spellcasting   | 4 |  4.2
Air Magic      | 1 |  1.1
Evocations     | 1 |  1.2
Fighting       | |  0.3
Short Blades   | |  0.1
Armour         | |  0.6
Summonings     | |  1.0
Translocations | |  0.8

Action                   |  1- 3 |  4- 6 || total
-------------------------+-------+-------++-------
Melee: Dagger            |    18 |       ||    18
       Tailslap          |     2 |     2 ||     4
       Staff             |       |    15 ||    15
       Punch             |       |     1 ||     1
 Cast: Magic Dart        |    88 |    29 ||   117
Evoke: Wand              |       |     1 ||     1
  Use: Scroll            |       |     5 ||     5
       Potion            |       |     2 ||     2
Armor: Robe              |     8 |       ||     8
       Leather armour    |    13 |    11 ||    24
Dodge: Dodged            |    15 |    13 ||    28
